 Dungeon Sprint DCSS version 0.18-a0-1354-gbc5753f (webtiles) character file.

254 Kidiri the Covert (level 5, 0/25 (27) HPs)
             Began as a Spriggan Enchanter on Feb 19, 2016.
             Slain by a necrophage (6 damage)
             ... in the Dungeon (Sprint II: "The Violet Keep of Menkaure").
             The game lasted 00:00:48 (63 turns).

Kidiri the Covert (Spriggan Enchanter)                Turns: 63, Time: 00:00:48

HP:   0/25 (27)     AC:  3    Str:  4    XL:     5   Next: 90%
MP:   9/15          EV: 24    Int: 16    God:
Gold: 243           SH:  0    Dex: 18    Spells: 1 memorised, 16 levels left

rFire  . . .     SeeInvis +     a - +1 dagger
rCold  . . .     Gourm    .     b - +1 robe
rNeg   . . .     Faith    .     (shield restricted)
rPois  .         Spirit   .     (helmet restricted)
rElec  .         Dismiss  .     (no cloak)
rCorr  .         Reflect  .     (gloves unavailable)
SustAt .         Harm     .     (boots unavailable)
MR     .....     NoTele   +     (no amulet)
Stlth  +++++.....               (no ring)
                                (no ring)

@: exhausted, very quick, not resistant to hostile enchantments, quite stealthy
A: unfitting armour, see invisible, herbivore 3, speed 3, slow metabolism 2
a: no special abilities


You were in the Dungeon.
You were not hungry.

You visited 1 branch You collected 243 gold pieces.

Inventory:

Hand Weapons
 a - a +1 dagger (weapon)
Armour
 b - a +1 robe (worn)
Scrolls
 j - a scroll of blinking
Potions
 e - a potion of curing
 f - a potion of heal wounds
 g - a potion of haste
 h - 2 potions of magic
Books
 c - a book of Maledictions

   Spells                             Type                      Level
   a - Corona                         Hexes                        1
   b - Ensorcelled Hibernation        Hexes/Ice                    2
   c - Confuse                        Hexes                        3
   d - Tukima's Dance                 Hexes                        3
   e - Dazzling Spray                 Conjuration/Hexes            3
Comestibles
 d - a bread ration


   Skills:
 + Level 2.7 Fighting
 * Level 5.8 Short Blades
 + Level 2.4 Armour
 * Level 8.0 Dodging
 * Level 9.3 Stealth
 * Level 6.7 Spellcasting
 + Level 5.7 Hexes


You had 16 spell levels left.
You knew the following spells:

 Your Spells              Type           Power        Failure   Level  Hunger
a - Corona                Hex            ###....      1%          1    None


Dungeon Overview and Level Annotations

Branches:
Dungeon (1/1)

Altars:


Innate Abilities, Weirdness & Mutations

You are tiny and cannot use many weapons and most armour.
You have supernaturally acute eyesight.
You are an herbivore.
You cover ground extremely quickly.
You need consume almost no food.


Message History

You now have 243 gold pieces.
The necrophage closely misses you.
You see here a necrophage corpse.
You butcher the necrophage corpse.
The necrophage stops glowing.
The necrophage hits you.
* * * LOW HITPOINT WARNING * * *
The necrophage barely misses you.
You see here 2 inedible chunks of flesh.
There is an open door, spattered with blood here.
Things that are here:
a necrophage corpse x2
You see here 2 inedible chunks of flesh.
There is an open door, spattered with blood here.
Things that are here:
a necrophage corpse x2
Butcher a necrophage corpse? [(y)es/(c)hoosy/(n)o/(a)ll/(e)dible/(q)uit/?]
You butcher the necrophage corpse.
You feel yourself speed up. The necrophage misses you.
You butcher the necrophage corpse.
The necrophage hits you.
You die...

## 3# # .##
# ##. #+#
.#
#...##.##H#
#.+.<.+#
#.m.##.##H#
##. ##@##
.# #
##n#.## #
#..#..#
##...##
##+##


You could see a necrophage.

Vanquished Creatures
  3 necrophages (D)
3 creatures vanquished.

Notes
Turn   | Place    | Note
--------------------------------------------------------------
     0 | D        | Kidiri the Spriggan Enchanter began the quest for the Orb.
     0 | D        | Reached XP level 1. HP: 9/9 MP: 5/5
     1 | D        | Noticed a neqoxec
     4 | D        | Noticed a siren
     7 | D        | Noticed a necrophage
     7 | D        | Noticed a necrophage
     7 | D        | Noticed a necrophage
     7 | D        | Noticed a necrophage
    10 | D        | Noticed a hippogriff
    10 | D        | Noticed a hippogriff
    18 | D        | Killed a necrophage
    18 | D        | Reached skill level 1 in Fighting
    18 | D        | Reached skill level 1 in Armour
    18 | D        | Reached skill level 5 in Dodging
    18 | D        | Reached skill level 7 in Stealth
    18 | D        | Reached XP level 2. HP: 15/15 MP: 5/8
    18 | D        | Reached XP level 3. HP: 18/18 MP: 6/10
    18 | D        | Reached XP level 4. HP: 23/23 MP: 6/11
    23 | D        | Killed a necrophage
    23 | D        | Reached skill level 5 in Short Blades
    23 | D        | Reached skill level 8 in Stealth
    23 | D        | Reached skill level 5 in Hexes
    23 | D        | Reached XP level 5. HP: 23/27 MP: 6/14
    40 | D        | Killed a necrophage
    40 | D        | Reached skill level 9 in Stealth
    63 | D        | Slain by a necrophage

Vault maps used:
D:        the_violet_keep_of_menkaure

Action                   |  1- 3 |  4- 6 || total
-------------------------+-------+-------++-------
Melee: Dagger            |     4 |    25 ||    29
 Cast: Corona            |       |     2 ||     2
  Use: Potion            |     1 |       ||     1
